 Dungeon Crawl Stone Soup version 0.23-a0-629-gae4348f (console) character file.

49 bli the Skirmisher (level 3, -1/33 HPs)
             Began as a Draconian Monk on Dec 25, 2018.
             Slain by Sigmund
             ... wielding a +0 scythe
              (6 damage)
             ... on level 2 of the Dungeon.
             The game lasted 00:03:33 (863 turns).

bli the Skirmisher (Draconian Monk)                  Turns: 863, Time: 00:03:34

Health: -1/33      AC:  5    Str: 18    XL:     3   Next: 51%
Magic:  3/3        EV: 13    Int: 10    God:
Gold:   30         SH:  0    Dex: 14    Spells: 2/2 levels left

rFire    . . .     SeeInvis .   a - +2 short sword (elec)
rCold    . . .     Gourm    .   (no shield)
rNeg     . . .     Faith    .   (armour unavailable)
rPois    .         Spirit   .   (helmet restricted)
rElec    .         Reflect  .   (no cloak)
rCorr    .         Harm     .   (no gloves)
MR       .....                  (no boots)
Stlth    +.........             (no amulet)
HPRegen  0.11/turn              o - +5 ring of strength
MPRegen  0.08/turn              j - ring of attention (curse)

@: flying
A: unfitting armour, cold-blooded, AC +5
a: no special abilities


You were on level 2 of the Dungeon.
You were not hungry.

You visited 1 branch of the dungeon, and saw 2 of its levels.

You collected 30 gold pieces.

Inventory:

Hand Weapons
 a - a +2 short sword of electrocution (weapon)
 b - a +0 dagger of flaming
 f - a +0 falchion
Missiles
 d - 4 stones (quivered)
 n - 2 tomahawks
Jewellery
 e - an uncursed ring of protection from fire
 j - a cursed ring of attention (right hand)
 o - a +5 ring of strength (left hand)
Scrolls
 c - 2 scrolls of teleportation {unknown}
 g - a scroll of random uselessness {unknown}
 h - 4 scrolls of identify {unknown}
 i - a scroll of enchant armour {unknown}
 p - a scroll of amnesia {unknown}
Potions
 k - a potion of cancellation {unknown}
 l - a potion of flight
Comestibles
 m - 3 rations
 q - 7 chunks of flesh


   Skills:
 + Level 3.7 Fighting
 * Level 0.9(2.3) Short Blades
 * Level 3.4(3.5) Long Blades
 + Level 3.2 Dodging
 + Level 1.9 Stealth


You had 2 spell levels left.
You didn't know any spells.
Your spell library was empty.

Dungeon Overview and Level Annotations

Branches:
Dungeon (2/15)

Altars:
Xom

Annotations:
D:2 Sigmund


Innate Abilities, Weirdness & Mutations

Your plain brown scales are hard. (AC +5)
You cannot fit into any form of body armour.
You are cold-blooded and may be slowed by cold attacks.


Message History

You're too confused to move!
Something barely misses you.
You bump into the rock wall.
You bump into the rock wall.
Something hits you.
You bump into the rock wall.
You hear some strange, mumbled words.
You are more confused.
You bump into the rock wall.
Something hits you.
You miss something. You barely miss something. Something hits you.
You bump into the rock wall.
Something hits you but does no damage.
You bump into the rock wall.
You bump into the rock wall.
Something hits you.
You bump into the rock wall.
Something hits you!
* * * LOW HITPOINT WARNING * * *
You closely miss something.
You feel less confused.
It was a potion of flight.
You feel very buoyant.
You fly up into the air.
Something hits you.
You die...

#..# #..#
##############..##
#................# .
#.##.............######..
#.##.####................
#.##.# #.######....?....
#.##.# #.#####lb........
#.##.# #....@{h###.#.#..
#.##.# #######.# # #.##.#
#.# ###.##.#### #.#
...........# #.#
#.......##.# #..
#.......##.# #..
#.......##.# #..
#.......##.# #.......##.#
#.......##.#


You could see a leopard gecko, a jackal and a bat.

Vanquished Creatures
  An adder (D:2)
  A worm (D:2)
  A leopard gecko (D:1)
  3 bats
  4 giant cockroaches
  2 hobgoblins (D:2)
  3 jackals (D:2)
  4 kobolds (D:1)
  A quokka (D:2)
  A frilled lizard (D:1)
  7 goblins
  3 rats (D:1)
31 creatures vanquished.

Notes
Turn   | Place    | Note
-------+----------+-------------------------------------------
     0 | D:1      | bli the Draconian Monk began the quest for the Orb.
     0 | D:1      | Reached XP level 1. HP: 19/19 MP: 1/1
   141 | D:1      | Reached XP level 2. HP: 26/26 MP: 2/2
   325 | D:1      | Found a glowing silver altar of Zin.
   327 | D:1      | Found a shadowy altar of Dithmenos.
   327 | D:1      | Found a shimmering altar of Xom.
   331 | D:1      | Found a radiant altar of Vehumet.
   331 | D:1      | Found a glowing silver altar of Zin.
   331 | D:1      | Found a sparkling altar of Nemelex Xobeh.
   746 | D:2      | Reached XP level 3. HP: 23/31 MP: 3/3
   837 | D:2      | Noticed Sigmund
   863 | D:2      | Slain by Sigmund

Vault maps used:
D:1:      lemuel_arrival_broad_hall, doesnt_xom_only_xom
D:2:      uniq_sigmund

Skill      XL: |  1  2 |
---------------+-------+-----
Dodging        | 3 |  3.2
Fighting       | |  3.7
Short Blades   | |  0.9
Long Blades    | |  3.4
Stealth        | |  1.9

Action                   || total
-------------------------++-------
Melee: Falchion          ||    37
       Tailslap          ||    10
       Dagger            ||    12
       Short sword       ||    30
Throw: Stone             ||     4
       Tomahawk          ||     2
  Use: Potion            ||     1
 Stab: Sleeping          ||     1
Armor: Skin              ||    21
Dodge: Dodged            ||    61
       Rpst.: Falchion   ||    11

Table legend:
 A = Non-vault XP
 B = Vault XP
 C = Vault XP percentage of total XP
 D = Non-vault monster count
 E = Vault monster count
 F = Vault count percentage of total count
                 A         B        C        D         E       F
            +---------+---------+-------+---------+---------+-------
      Total |      70 |       0 |   0.0 |      31 |       0 |   0.0
            +---------+---------+-------+---------+---------+-------
        D:1 |      32 |       0 |   0.0 |      19 |       0 |   0.0
        D:2 |      38 |       0 |   0.0 |      12 |       0 |   0.0
            +---------+---------+-------+---------+---------+-------
